 Dungeon Crawl Stone Soup version 0.19.1 (webtiles) character file.

50500 ChaseSP the Cruncher (level 14, 0/88 HPs)
             Began as a Gargoyle Gladiator on Dec 2, 2016.
             Was the Champion of Okawaru.
             Slain by Snorg (8 damage)
             ... on level 2 of the Orcish Mines.
             The game lasted 00:37:45 (19043 turns).

ChaseSP the Cruncher (Gargoyle Gladiator)          Turns: 19043, Time: 00:37:46

Health: 0/88       AC: 45    Str: 21    XL:     14   Next: 55%
Magic:  0/20       EV: 13    Int:  9    God:    Okawaru [******]
Gold:   2117       SH:  0    Dex: 19    Spells: 0 memorised, 13 levels left

rFire  . . .     SeeInvis +     a - +4 quarterstaff (protect)
rCold  . . .     Gourm    .     R - +0 plate armour
rNeg   + . .     Faith    .     (shield currently unavailable)
rPois  ∞         Spirit   +     c - +0 helmet
rElec  +         Reflect  .     y - +1 cloak
rCorr  .         Harm     .     n - +1 pair of gloves {Dex+3}
MR     +....                    d - +2 pair of boots {Stlth+}
Stlth  ..........               Y - amulet of guardian spirit
                                t - +3 ring of dexterity
                                E - ring of see invisible

@: about to teleport, protection aura, very slightly contaminated, hasted, very
quick
A: big wings, iridescent scales 1, yellow scales 1, negative energy resistance
1, sense surroundings 1, electricity resistance, unbreathing, petrification
resistance, rot immunity, AC +9
a: Fly, Heroism, Finesse, Renounce Religion


You were on level 2 of the Orcish Mines.
You worshipped Okawaru.
Okawaru was exalted by your worship.
You were full.

You visited 4 branches of the dungeon, and saw 19 of its levels.

You collected 2117 gold pieces.

Inventory:

Hand Weapons
 a - a +4 quarterstaff of protection (weapon)
 b - a +0 shortbow
Missiles
 j - 381 arrows
Armour
 c - a +0 helmet (worn)
 d - a +2 pair of boots of stealth (worn)
 n - a +1 pair of gloves of dexterity (worn)
 p - a +1 scale mail of positive energy
 y - a +1 cloak (worn)
 O - a +0 scale mail of fire resistance
 R - a +0 plate armour (worn)
Jewellery
 l - the ring of the Mage {Wiz MR++ Int+3}
   (You found it on level 6 of the Lair of Beasts)

   [ring of wizardry]

   It improves your spell success rate.
   It affects your intelligence (+3).
   It affects your resistance to hostile enchantments.
 t - a +3 ring of dexterity (right hand)
 E - a ring of see invisible (left hand)
 G - an uncursed ring of positive energy
 Q - an uncursed ring of protection from fire
 U - a +4 ring of intelligence
 Y - an amulet of guardian spirit (around neck)
Wands
 m - a wand of polymorph (12/24)
 o - a wand of confusion (25/48)
 r - a wand of enslavement (7/24)
 s - a wand of confusion (34/48)
 x - a wand of acid (2/15)
 B - a wand of confusion (21/48)
 C - a wand of lightning (4/15)
 F - a wand of polymorph (10/24)
 P - a wand of heal wounds (0/9)
 S - a wand of digging (9/24)
 Z - a wand of teleportation (0/9)
Scrolls
 h - 3 scrolls of teleportation
 v - 4 scrolls of blinking
 w - 7 scrolls of remove curse
 I - a scroll of fear
 J - 6 scrolls of amnesia
 K - a scroll of magic mapping
 V - a scroll of enchant armour
 W - 3 scrolls of fog
Potions
 e - 2 potions of cure mutation
 g - 6 potions of flight
 q - 2 potions of cancellation
 u - 5 potions of curing
 A - 3 potions of might
 D - 4 potions of agility
 H - a potion of magic
 L - 2 potions of brilliance
 T - a potion of lignification
Books
 i - a book of Enchantments

   Spells                             Type                      Level
   a - Cause Fear                     Hexes                        4
   b - Yara's Violent Unravelling     Hexes/Transmutation          5
   c - Silence                        Hexes/Air                    5
   d - Deflect Missiles               Charms/Air                   6
   e - Discord                        Hexes                        8
Comestibles
 f - 9 bread rations
 k - 10 meat rations
 M - a chunk of flesh
 X - 18 fruits


   Skills:
 + Level 10.5 Fighting
 + Level 14.3 Staves
 + Level 7.2 Bows
 - Level 1.7 Throwing
 + Level 10.4 Armour
 * Level 10.5 Dodging
 + Level 8.0 Invocations


You had 13 spell levels left.
You didn't know any spells.

Dungeon Overview and Level Annotations

Branches:
Dungeon (10/15)            Temple (1/1) D:6            Lair (6/6) D:10
  Swamp (0/4) Lair:4        Snake (0/4) Lair:2        Slime (0/5) Lair:6
    Orc (2/2) D:9             Elf (0/3) Orc:2

Altars:
Ashenzari
Cheibriados
Dithmenos
Elyvilon
Fedhas
Gozag
Hepliaklqana
Kikubaaqudgha
Makhleb
Nemelex Xobeh
Okawaru
Qazlal
Ru
Sif Muna
Trog
Uskayaw
Vehumet
Xom
Yredelemnul
Zin
The Shining One

Annotations:
Lair:3 exclusion: oklob plant
Orc:2 Snorg


Innate Abilities, Weirdness & Mutations

You are resistant to torment.
Your stone body is resilient. (AC +9)
You are immune to poison.
Your large and strong wings let you fly indefinitely.
You resist negative energy. (rN+)
You are resistant to electric shocks. (rElec)
You can survive without breathing.
You are immune to petrification.
You are immune to rotting.
You are partially covered in iridescent scales. (AC +2)
You are partially covered in yellow scales. (AC +2)
You passively map a small area around you.


Message History

Snorg claws you!
* * * LOW HITPOINT WARNING * * *
Snorg claws you but does no damage.
Evoke which item? (* to show all) (? for menu, Esc to quit)
Zapping:
Z - a wand of teleportation (will waste charges)
Press: ? - help, Shift-Dir - straight line, f - you You feel strangely unstable.
Evoking this partially-identified wand wasted a few charges.
Snorg closely misses you. Snorg misses you. Snorg closely misses you.
You bludgeon Snorg!!
Snorg is severely wounded.
You sock Snorg!
Snorg is almost dead.
Snorg bites you.
* * * LOW HITPOINT WARNING * * *
Snorg claws you but does no damage. x2
You bludgeon Snorg!!
Snorg is almost dead.
Snorg bites you!
You die...

#............O.............,,,,,,
..........................#,,,,,,
.^..#.................#..##*,*,,,
..................#.$.....#***,,,
.............#.......##....* **,,
#.#...........##.O..##*##.#* *,,
##.#...........#OO.## **# **,
#.............###T## *,,
......##.....###@..# **,
...######....# ##.## ** .##*
*#....## ### #* #......# ##.#..##
######


You could see Snorg (berserk), a two-headed ogre and an ogre.

Vanquished Creatures
  9 hydras
  A catoblepas (Lair:6)
  14 death yaks
  A deep troll shaman (Lair:6)
  Sonja (D:10)
  An unseen horror (D:10)
  2 lindwurms (Lair:6)
  5 elephants (Lair:6)
  The ghost of ChaseSP the Cruncher, a novice GrGl of Okawaru (D:6)
  Psyche (D:8)
  Joseph (D:9)
  4 black mambas
  11 spiny frogs
  6 komodo dragons
  A troll (D:10)
  A two-headed ogre (D:8)
  4 polar bears
  Grinder (D:5)
  12 blink frogs
  2 slime creatures (D:7)
  8 hippogriffs
  Sigmund (D:5)
  40 yaks
  A wyvern (Lair:1)
  The ghost of jiveturtle the Cudgeler, an amateur DsBe of Trog (D:4)
  A hungry ghost (D:8)
  A basilisk (Lair:3)
  The ghost of VictoriousLee the Caller, an amateur DrSu (D:3)
  2 wargs
  Menkaure (D:5)
  4 nagas (Lair:2)
  10 water moccasins
  5 orc warriors
  12 porcupines
  An ice beast (D:9)
  4 sky beasts
  6 centaurs
  3 phantoms
  32 wolves
  5 ogres
  13 crocodiles
  A big kobold (D:7)
  19 bullfrogs
  A gnoll sergeant (D:6)
  2 scorpions
  A howler monkey (D:4)
  3 crimson imps
  A centaur zombie (D:10)
  9 hounds
  6 orc priests
  A bullfrog skeleton (D:8)
  7 jellies
  4 worker ants
  5 iguanas
  8 orc wizards
  A hound zombie (D:9)
  A hound skeleton (D:6)
  8 gnolls
  A worker ant zombie (D:6)
  18 adders
  2 river rats (D:10)
  3 shadow imps
  A howler monkey simulacrum (D:7)
  An ooze (D:2)
  2 adder skeletons
  2 worms
  3 dart slugs
  3 leopard geckos
  29 orcs
  5 giant cockroaches
  9 goblins
  7 hobgoblins
  11 jackals
  8 quokkas
  2 ball pythons
  15 bats
  9 frilled lizards
  A jackal zombie (D:7)
  9 kobolds
  2 leopard gecko skeletons
  A quokka skeleton (D:5)
  17 rats
470 creatures vanquished.

Vanquished Creatures (others)
  A kobold (D:7)
  13 fungi
  5 plants
19 creatures vanquished.

Grand Total: 489 creatures vanquished

Notes
Turn   | Place    | Note
-------+----------+-------------------------------------------
     0 | D:1      | ChaseSP the Gargoyle Gladiator began the quest for the Orb.
     0 | D:1      | Reached XP level 1. HP: 12/12 MP: 1/1
    91 | D:1      | Reached XP level 2. HP: 15/17 MP: 2/2
   492 | D:1      | Reached skill level 4 in Staves
   568 | D:1      | Reached XP level 3. HP: 18/21 MP: 3/3
  1266 | D:2      | Reached XP level 4. HP: 26/26 MP: 4/4
  1299 | D:2      | Reached skill level 5 in Staves
  1660 | D:3      | Reached XP level 5. HP: 25/30 MP: 5/5
  1729 | D:3      | Reached skill level 6 in Staves
  1852 | D:3      | Noticed VictoriousLee's ghost (amateur DrSu)
  1897 | D:3      | Killed VictoriousLee's ghost
  1897 | D:3      | Reached skill level 7 in Staves
  1897 | D:3      | Reached XP level 6. HP: 23/35 MP: 6/6
  2712 | D:4      | Reached XP level 7. HP: 39/40 MP: 7/7
  2805 | D:4      | Reached skill level 8 in Staves
  3236 | D:4      | Noticed jiveturtle's ghost (amateur DsBe)
  3253 | D:5      | Entered Level 5 of the Dungeon
  3253 | D:5      | Noticed Sigmund
  3263 | D:5      | Killed Sigmund
  3306 | D:5      | Reached skill level 9 in Staves
  3306 | D:5      | Reached XP level 8. HP: 41/44 MP: 8/8
  3314 | D:5      | Gained mutation: You are partially covered in iridescent scales. (AC +2) [mutagenic meat]
  3315 | D:5      | Gained mutation: You passively map a small area around you. [mutagenic meat]
  3316 | D:5      | Gained mutation: You are partially covered in yellow scales. (AC +2) [mutagenic meat]
  3424 | D:5      | Noticed Menkaure
  3432 | D:5      | Killed Menkaure
  3516 | D:5      | Noticed Grinder
  3539 | D:5      | Killed Grinder
  3705 | D:6      | Noticed ChaseSP's ghost (novice GrGl)
  3827 | D:6      | Reached skill level 10 in Staves
  3910 | D:6      | Killed ChaseSP's ghost
  3910 | D:6      | Reached XP level 9. HP: 19/48 MP: 9/9
  4276 | D:6      | Reached skill level 11 in Staves
  4276 | D:6      | Reached skill level 5 in Dodging
  4315 | D:6      | Found a hazy altar of Hepliaklqana.
  4318 | D:6      | Found an ancient bone altar of Kikubaaqudgha.
  4344 | D:6      | Found a staircase to the Ecumenical Temple.
  4435 | Temple   | Entered the Ecumenical Temple
  4452 | Temple   | Became a worshipper of Warmaster Okawaru
  4862 | D:4      | Killed jiveturtle's ghost
  5145 | D:7      | Found a shadowy altar of Dithmenos.
  5197 | D:7      | Reached * piety under Okawaru
  5741 | D:7      | Found a bloodstained altar of Trog.
  5741 | D:7      | Found an opulent altar of Gozag.
  6004 | D:7      | Reached skill level 1 in Armour
  6038 | D:7      | You fall through a shaft!
  6054 | D:8      | Reached skill level 12 in Staves
  6144 | D:8      | Noticed a two-headed ogre
  6151 | D:8      | Killed a two-headed ogre
  6151 | D:8      | Reached ** piety under Okawaru
  6151 | D:8      | Reached XP level 10. HP: 54/56 MP: 10/10
  6256 | D:7      | Found a basalt altar of Yredelemnul.
  6274 | D:7      | Found a blossoming altar of Fedhas.
  6572 | D:8      | Noticed Psyche
  6584 | D:8      | Killed Psyche
  6836 | D:8      | Reached skill level 5 in Fighting
  6927 | D:7      | Reached *** piety under Okawaru
  6933 | D:7      | Reached skill level 13 in Staves
  7325 | D:7      | Reached skill level 5 in Armour
  7698 | D:8      | Received a gift from Okawaru
  8258 | D:9      | Reached XP level 11. HP: 63/65 MP: 11/11
  8378 | D:9      | Found a basalt altar of Yredelemnul.
  8524 | D:9      | Reached **** piety under Okawaru
  8732 | D:9      | Noticed Joseph
  8756 | D:9      | Killed Joseph
  8933 | D:9      | Found a staircase to the Orcish Mines.
  9410 | D:9      | Reached skill level 14 in Staves
  9443 | D:10     | Entered Level 10 of the Dungeon
  9640 | D:10     | Reached skill level 1 in Bows
  9902 | D:10     | Reached ***** piety under Okawaru
  9937 | D:10     | Received a gift from Okawaru
 10071 | D:10     | Noticed Sonja
 10091 | D:10     | Noticed an unseen horror
 10150 | D:10     | Killed an unseen horror
 10318 | D:10     | Killed Sonja
 10369 | D:10     | Found a staircase to the Lair.
 10496 | Lair:1   | Entered Level 1 of the Lair of Beasts
 10516 | Lair:1   | Reached skill level 1 in Invocations
 10657 | Lair:1   | Noticed a five-headed hydra
 10682 | Lair:1   | Killed a five-headed hydra
 11067 | Lair:1   | Reached XP level 12. HP: 72/72 MP: 13/13
 12346 | Lair:2   | Noticed a four-headed hydra
 12376 | Lair:2   | Received a gift from Okawaru
 12382 | Lair:2   | Killed a four-headed hydra
 12815 | Lair:2   | Found a staircase to the Snake Pit.
 13510 | Lair:3   | Received a gift from Okawaru
 13983 | Lair:3   | Reached skill level 5 in Bows
 13983 | Lair:3   | Reached skill level 5 in Invocations
 14438 | Lair:4   | Reached XP level 13. HP: 79/79 MP: 16/16
 14879 | Lair:4   | Found a staircase to the Swamp.
 15801 | Lair:5   | Received a gift from Okawaru
 15861 | Lair:5   | Identified the +8 scale mail "Tosh" {*Corrode rPois Dex-2 SInv} (Okawaru gifted it to you on level 5 of the Lair of Beasts)
 16369 | Lair:6   | Entered Level 6 of the Lair of Beasts
 16937 | Lair:6   | Received a gift from Okawaru
 16937 | Lair:6   | Reached skill level 10 in Fighting
 16937 | Lair:6   | Gained mutation: Your large and strong wings let you fly indefinitely. [Gargoyle growth]
 16937 | Lair:6   | Reached XP level 14. HP: 77/88 MP: 19/19
 17012 | Lair:6   | Reached skill level 10 in Armour
 17164 | Lair:6   | Reached skill level 10 in Dodging
 18003 | Lair:6   | Reached ****** piety under Okawaru
 18250 | Lair:6   | Found a staircase to the Slime Pits.
 18613 | Orc:1    | Entered Level 1 of the Orcish Mines
 18790 | Orc:2    | Entered Level 2 of the Orcish Mines
 18897 | Orc:2    | Received a gift from Okawaru
 18947 | Orc:2    | Found a staircase to the Elven Halls.
 19012 | Orc:2    | Noticed Snorg
 19043 | Orc:2    | Slain by Snorg

Skill      XL: |  1  2  3  4  5  6  7  8  9 10 11 12 13 14 |
---------------+-------------------------------------------+-----
Staves         | 4 5 7 9 10 12 13 14 | 14.3
Dodging        | 3 4 5 6 8 9 10 | 10.5
Fighting       | 4 6 7 8 10 | 10.5
Armour         | 2 5 7 8 9 10 | 10.4
Bows           | 2 5 6 7 |  7.2
Invocations    | 2 5 7 8 |  8.0
Throwing       | |  1.7

Action                   |  1- 3 |  4- 6 |  7- 9 | 10-12 | 13-15 || total
-------------------------+-------+-------+-------+-------+-------++-------
Melee: Quarterstaff      |   118 |   192 |   425 |  1276 |   913 ||  2924
 Fire: Shortbow          |       |       |       |    14 |     9 ||    23
Invok: Heroism           |       |       |       |     8 |     9 ||    17
       Finesse           |       |       |       |     1 |     2 ||     3
Evoke: Wand              |       |       |       |     7 |     2 ||     9
  Use: Scroll            |       |     8 |     3 |    10 |    12 ||    33
       Potion            |       |       |       |     3 |     1 ||     4
 Stab: Petrified         |       |       |       |       |     6 ||     6
       Petrifying        |       |       |       |       |     2 ||     2
  Eat: Chunk             |     1 |     5 |    14 |    23 |     9 ||    52
       Fruit             |       |       |       |     5 |       ||     5
       Beef jerky        |       |       |       |     1 |     1 ||     2
       Royal jelly       |       |       |       |     1 |     1 ||     2
       Pizza             |       |       |       |       |     5 ||     5
Armor: Leather armour    |    24 |       |       |       |       ||    24
       Scale mail        |    36 |   109 |   163 |   254 |    40 ||   602
       Plate armour      |       |       |       |   420 |   510 ||   930
Dodge: Dodged            |    80 |   113 |   175 |   529 |   463 ||  1360
Block: Other             |       |       |    14 |    28 |       ||    42
       Reflection        |       |       |     1 |       |       ||     1
